 Dungeon Crawl Stone Soup version 0.19-a0-1937-g70ed36a (webtiles) character file.

56 Djon the Poker (level 3, -1/29 HPs)
             Began as a Merfolk Gladiator on Oct 26, 2016.
             Killed by nerve-wracking pain
             ... invoked by an orc priest
              (4 damage)
             ... on level 3 of the Dungeon.
             The game lasted 00:02:13 (1446 turns).

Djon the Poker (Merfolk Gladiator)                  Turns: 1446, Time: 00:02:13

Health: -1/29      AC:  7    Str: 15    XL:     3   Next: 97%
Magic:  3/3        EV: 11    Int: 12    God:
Gold:   44         SH:  0    Dex: 15    Spells: 0 memorised, 2 levels left

rFire  . . .     SeeInvis .     a - +0 trident
rCold  . . .     Gourm    .     n - +0 scale mail (curse)
rNeg   . . .     Faith    .     (no shield)
rPois  +         Spirit   .     c - +0 helmet
rElec  .         Reflect  .     (no cloak)
rCorr  .         Harm     .     (no gloves)
MR     .....                    (no boots)
Stlth  ..........               (no amulet)
                                (no ring)
                                r - ring of poison resistance

@: brilliant
A: change form in water, swift swim, stealthy swim
a: no special abilities


You were on level 3 of the Dungeon.
You were not hungry.

You visited 1 branch of the dungeon, and saw 3 of its levels.

You collected 44 gold pieces.

Inventory:

Hand Weapons
 a - a +0 trident (weapon)
Missiles
 d - 3 throwing nets (quivered)
Armour
 c - a +0 helmet (worn)
 l - a +0 ring mail
 n - a cursed +0 scale mail (worn)
Jewellery
 r - a ring of poison resistance (left hand)
Scrolls
 b - a scroll of noise {unknown}
 e - 3 scrolls of identify {unknown}
 k - a scroll of enchant weapon {unknown}
 p - a scroll of teleportation {unknown}
 s - 2 scrolls of remove curse {unknown}
 t - a scroll of fog {unknown}
 v - a scroll of enchant armour {unknown}
Potions
 g - a potion of brilliance
 h - a potion of ambrosia {unknown}
 q - a potion of cure mutation {unknown}
 u - a potion of agility {unknown}
Comestibles
 f - a bread ration
 i - 3 beef jerkies
 j - a slice of pizza
 m - a meat ration


   Skills:
 + Level 3.4 Fighting
 * Level 5.9 Polearms
 - Level 2.0 Throwing
 - Level 4.0 Dodging


You had 2 spell levels left.
You didn't know any spells.

Dungeon Overview and Level Annotations

Branches:
Dungeon (3/15)

Altars:
The Shining One

Annotations:
D:3 Djon's ghost, amateur MfGl


Message History

You hit the orc priest.
The orc priest is lightly wounded.
The orc priest hits you with a hand axe.
Djon's ghost (amateur Merfolk Gladiator) comes into view.
Djon's ghost turns its malevolent gaze towards you.
You hit the orc priest.
The orc priest is heavily wounded.
You closely miss the orc priest.
The orc priest is heavily wounded.
The orc priest calls down the wrath of Beogh upon you.
Beogh smites you!
* * * LOW HITPOINT WARNING * * *
You are too injured to fight recklessly!
It was a potion of brilliance.
You feel clever all of a sudden.
The orc priest hits you with a hand axe.
* * * LOW HITPOINT WARNING * * *
The orc priest calls down the wrath of Beogh upon you.
Pain shoots through your body!
You die...

#...# #...# #...#
#...# #...#########
#...#.......#
#...#.#####.#######
#..@#..............
#.#.)..W..#.########
#..o)..†...........#
###'#####.##.#####.#
#... #.##.# .'...o
#.##.# ###....o
#.##.#######
.......#.##........
#.......#.##..######


You could see an orc priest and Djon's ghost.

Vanquished Creatures
  An adder (D:2)
  A dart slug (D:1)
  3 leopard geckos
  4 orcs (D:3)
  2 giant cockroaches (D:1)
  4 goblins
  3 hobgoblins
  2 quokkas
  A ball python (D:2)
  5 bats
  3 frilled lizards
  4 kobolds
  4 rats
37 creatures vanquished.

Notes
Turn   | Place    | Note
-------+----------+-------------------------------------------
     0 | D:1      | Djon the Merfolk Gladiator began the quest for the Orb.
     0 | D:1      | Reached XP level 1. HP: 16/16 MP: 1/1
   105 | D:1      | Reached XP level 2. HP: 23/23 MP: 2/2
   203 | D:1      | Reached skill level 5 in Polearms
   641 | D:2      | Reached XP level 3. HP: 28/28 MP: 3/3
  1090 | D:2      | Found a glowing golden altar of the Shining One.
  1442 | D:3      | Noticed Djon's ghost (amateur MfGl)
  1446 | D:3      | Killed from afar by an orc priest

Vault maps used:
D:1:      evilmike_arrival_plus
D:2:      mumra_celtic_spiral_tile, lemuel_doored_altar, minmay_domino_4
D:3:      first_bread

Skill      XL: |  1  2  3 |
---------------+----------+-----
Polearms       | 5 |  5.9
Fighting       | 3 |  3.4
Throwing       | |  2.0
Dodging        | |  4.0

Action                   || total
-------------------------++-------
Melee: Trident           ||   108
  Use: Potion            ||     1
 Stab: Sleeping          ||     1
  Eat: Chunk             ||     2
Armor: Leather armour    ||     5
       Scale mail        ||    11
       Ring mail         ||     4
Dodge: Dodged            ||    47
